 Dungeon Crawl Stone Soup version 0.17.1-2-g5865329 (webtiles) character file.

203 Origami the Covert (level 5, -5/26 HPs)
             Began as a Spriggan Assassin on Feb 9, 2016.
             Slain by a scorpion (7 damage)
             ... on level 3 of the Dungeon on Feb 10, 2016.
             The game lasted 00:20:45 (4564 turns).

Origami the Covert (Spriggan Assassin)              Turns: 4564, Time: 00:20:49

Health: -5/26      AC:  3    Str:  7    XL:     5   Next: 51%
Magic:  6/6        EV: 21    Int: 12    God:
Gold:   90         SH:  0    Dex: 19    Spells: 0 memorised, 4 levels left

rFire  . . .     SeeInvis +     a - +2 dagger
rCold  . . .     Clarity  .     c - +0 robe
rNeg   . . .     SustAt   .     (shield restricted)
rPois  .         Gourm    .     (helmet restricted)
rElec  .         Spirit   .     d - +0 cloak
rCorr  .         Warding  .     (gloves unavailable)
rMut   .         Stasis   .     (boots unavailable)
MR     .....                    (no amulet)
Stlth  +++++.....               (no ring)
                                i - +1 ring of evasion

@: lethally poisoned (-5 -> -30), very quick, not resistant to hostile
enchantments, quite stealthy
A: unfitting armour, see invisible, herbivore 3, speed 3, slow metabolism 2
a: no special abilities


You were on level 3 of the Dungeon.
You were not hungry.

You visited 1 branch of the dungeon, and saw 4 of its levels.

You collected 90 gold pieces.

Inventory:

Hand Weapons
 a - a +2 dagger (weapon)
 b - a +0 blowgun
Missiles
 e - 8 poisoned needles
 f - 2 curare-tipped needles
Armour
 c - a +0 robe (worn)
 d - a +0 cloak (worn)
Jewellery
 i - a +1 ring of evasion (left hand)
 j - an uncursed ring of ice
Scrolls
 k - a scroll of blinking {unknown}
 l - a scroll of remove curse
 n - a scroll of identify
Comestibles
 g - 3 bread rations
 m - a fruit
 p - a royal jelly


   Skills:
 + Level 2.1 Fighting
 * Level 3.1 Short Blades
 - Level 2.0 Throwing
 + Level 4.0 Dodging
 * Level 8.5 Stealth


You had 4 spell levels left.
You didn't know any spells.

Dungeon Overview and Level Annotations

Branches:
Dungeon (4/15)
 Temple: D:4-7

Altars:
Kikubaaqudgha
Ru
Yredelemnul


Innate Abilities, Weirdness & Mutations

You are tiny and cannot use many weapons and most armour.
You have supernaturally acute eyesight.
You are a herbivore.
You cover ground extremely quickly.
You need consume almost no food.


Message History

The worker ant bites you.
You are lethally poisoned!
The worker ant poisons you!
You closely miss the orc.
The orc is moderately wounded.
You feel sick. The orc hits you with a dagger. The scorpion stings you.
You are more poisoned.
The scorpion poisons you! The worker ant closely misses you.
You hit the orc but do no damage.
The orc is moderately wounded.
* * * LOW HITPOINT WARNING * * *
You feel sick. The orc barely misses you. The scorpion closely misses you.
The worker ant misses you.
You closely miss the orc.
The orc is moderately wounded.
* * * LOW HITPOINT WARNING * * *
You feel sick. The orc hits you with a dagger.
* * * LOW HITPOINT WARNING * * *
The scorpion stings you!
You die...

#.....# #...
#.....# #...
#.....# #...
#..(..### #...
#.......# #...
###.###.# ###...
#.#...# #....#
#s#.#########....#
#@o...............
#a#....######....#
#.................
######.###########
###.# ######
#...######.....
#.#.#..........
#.###..###.....
#.# #######....


You could see a scorpion, a worker ant and an orc.

Vanquished Creatures
  An orc wizard (D:3)
  2 worker ants (D:3)
  A gnoll (D:3)
  3 adders
  2 oozes (D:2)
  A worm (D:2)
  4 orcs
  3 ball pythons
  4 giant cockroaches
  9 goblins
  8 hobgoblins
  8 jackals (D:2)
  2 quokkas (D:2)
  4 bats
  2 giant newts
  7 kobolds
  9 rats
70 creatures vanquished.

Vanquished Creatures (others)
  A human (D:2)
1 creature vanquished.

Grand Total: 71 creatures vanquished

Notes
Turn   | Place    | Note
--------------------------------------------------------------
     0 | D:1      | Origami the Spriggan Assassin began the quest for the Orb.
     0 | D:1      | Reached XP level 1. HP: 10/10 MP: 2/2
    31 | D:1      | Reached skill level 6 in Stealth
   217 | D:1      | Reached XP level 2. HP: 13/15 MP: 3/3
   822 | D:1      | Reached skill level 7 in Stealth
  1180 | D:2      | Reached XP level 3. HP: 18/18 MP: 4/4
  2142 | D:2      | Reached XP level 4. HP: 14/23 MP: 5/5
  2317 | D:2      | Found an ancient bone altar of Kikubaaqudgha.
  2329 | D:2      | Noticed a human
  2331 | D:2      | Killed a human
  2927 | D:3      | Reached skill level 8 in Stealth
  3270 | D:3      | Reached XP level 5. HP: 21/26 MP: 6/6
  4146 | D:3      | Found a basalt altar of Yredelemnul.
  4165 | D:3      | Found a basalt altar of Yredelemnul.
  4194 | D:3      | Found a sacrificial altar of Ru.
  4564 | D:3      | Slain by a scorpion

Action                   |  1- 3 |  4- 6 || total
-------------------------+-------+-------++-------
Melee: Dagger            |   152 |   148 ||   300
  Use: Potion            |     3 |     2 ||     5
       Scroll            |     1 |     3 ||     4
 Stab: Sleeping          |    15 |     6 ||    21
       Distracted        |     1 |       ||     1
  Eat: Fruit             |       |     2 ||     2
